 Dungeon Crawl Stone Soup version 0.19.4-8-ga85b6b9 (webtiles) character file.

83 esteth the Insei (level 4, 0/23 HPs)
             Began as a Vine Stalker Monk on Feb 14, 2017.
             Succumbed to a kobold's poison
             ... on level 3 of the Dungeon.
             The game lasted 00:03:52 (1709 turns).

esteth the Insei (Vine Stalker Monk)                Turns: 1709, Time: 00:03:53

Health: 0/23       AC:  3    Str: 14    XL:     4   Next: 44%
Magic:  4/5        EV: 12    Int: 15    God:
Gold:   84         SH:  0    Dex: 17    Spells: 0 memorised, 3 levels left

rFire  . . .     SeeInvis .       - Unarmed
rCold  . . .     Gourm    .     k - +0 leather armour
rNeg   . . .     Faith    .     (no shield)
rPois  .         Spirit   +     (no helmet)
rElec  .         Reflect  .     (no cloak)
rCorr  .         Harm     .     (no gloves)
MR     .....                    (no boots)
Stlth  ++........               e - amulet of regeneration
                                (no ring)
                                (no ring)

@: brilliant, lethally poisoned (0 -> -8)
A: fangs 2, regeneration 1, magic shield, antimagic bite, no device heal 3, rot
immunity
a: no special abilities


You were on level 3 of the Dungeon.
You were hungry.

You visited 1 branch of the dungeon, and saw 3 of its levels.

You collected 84 gold pieces.

Inventory:

Armour
 a - a +0 robe
 k - a +0 leather armour (worn)
Jewellery
 e - an amulet of regeneration (around neck)
Scrolls
 g - 2 scrolls of identify
 l - a scroll of noise {unknown}
Potions
 f - 2 potions of brilliance
 i - a potion of flight {unknown}
 j - a potion of agility {unknown}
Comestibles
 b - 2 bread rations
 c - a meat ration
 d - 2 chunks of flesh
 h - a slice of pizza


   Skills:
 - Level 2.6 Fighting
 - Level 2.4 Dodging
 - Level 2.4 Stealth
 + Level 5.1 Unarmed Combat


You had 3 spell levels left.
You didn't know any spells.

Dungeon Overview and Level Annotations

Branches:
Dungeon (3/15)

Altars:


Innate Abilities, Weirdness & Mutations

You have extremely sharp teeth.
Your natural rate of healing is unusually fast.
When hurt, damage is shared between your health and your magic reserves.
Your bite disrupts and absorbs the magic of your enemies.
Potions and wands cannot restore your health.
You are immune to rotting.


Message History

The kobold is moderately wounded.
* * * LOW HITPOINT WARNING * * *
You feel very sick.
The kobold hits you with an enchanted blowgun.
* * * LOW HITPOINT WARNING * * *
You barely miss the kobold. Your bite misses the kobold.
The kobold is moderately wounded.
* * * LOW HITPOINT WARNING * * *
You feel sick. The kobold hits you but does no damage.
You hit the kobold but do no damage. You bite the kobold, but do no damage.
The kobold is moderately wounded.
* * * LOW HITPOINT WARNING * * *
You feel sick.
The kobold hits you with an enchanted blowgun.
* * * LOW HITPOINT WARNING * * *
You hit the kobold.
You kill the kobold!
* * * LOW HITPOINT WARNING * * *
You feel sick.
You die...

...# .. ...# #. #..###.
#..#.. ######....####
.............##
.......$......##
.......@.......### .
#...>....[##.....## #.#
....####†((#......##....
(.. # ###.##.#.#...#...
. ....##.......<......
....?..............[.
.###..#.#.(.##<......
##...?......#.....
##...#...........


There were no monsters in sight!

Vanquished Creatures
  3 adders (D:2)
  2 worms (D:2)
  A dart slug (D:1)
  3 leopard geckos
  An orc (D:3)
  A ball python (D:1)
  6 hobgoblins
  5 jackals (D:2)
  6 kobolds
  2 bats
  2 frilled lizards
  6 goblins
  3 rats (D:1)
41 creatures vanquished.

Notes
Turn   | Place    | Note
-------+----------+-------------------------------------------
     0 | D:1      | esteth the Vine Stalker Monk began the quest for the Orb.
     0 | D:1      | Reached XP level 1. HP: 11/11 MP: 2/2
   158 | D:1      | Reached XP level 2. HP: 11/16 MP: 3/3
   664 | D:2      | Reached skill level 4 in Unarmed Combat
   722 | D:2      | Reached XP level 3. HP: 9/19 MP: 2/4
  1294 | D:2      | Gained mutation: Your natural rate of healing is unusually fast. [Vine Stalker growth]
  1294 | D:2      | Reached XP level 4. HP: 20/23 MP: 5/5
  1518 | D:2      | Reached skill level 5 in Unarmed Combat
  1708 | D:3      | HP: 1/23 [poisoned by a kobold]
  1709 | D:3      | Succumbed to a kobold's poison

Skill      XL: |  1  2  3  4 |
---------------+-------------+-----
Unarmed Combat | 4 5 |  5.1
Fighting       | |  2.6
Dodging        | |  2.4
Stealth        | |  2.4

Action                   |  1- 3 |  4- 6 || total
-------------------------+-------+-------++-------
Melee: Unarmed           |    98 |    41 ||   139
       Punch             |     2 |       ||     2
       Bite              |    19 |    12 ||    31
  Use: Potion            |     1 |     1 ||     2
       Scroll            |     1 |       ||     1
 Stab: Sleeping          |     5 |       ||     5
  Eat: Chunk             |     1 |     1 ||     2
Armor: Robe              |     2 |       ||     2
       Leather armour    |    10 |     7 ||    17
Dodge: Dodged            |    47 |    24 ||    71
